 Dungeon Crawl Stone Soup version 0.22-a0-553-g9358b0b (webtiles) character file.

1627 Amnesiac the Slicer (level 8, -2/40 HPs)
             Began as a Vine Stalker Fighter on June 25, 2018.
             Killed from afar by an orc wizard (5 damage)
             ... with a puff of flame
             ... on level 6 of the Dungeon.
             The game lasted 00:06:20 (5340 turns).

Amnesiac the Slicer (Vine Stalker Fighter)          Turns: 5340, Time: 00:06:21

Health: -2/40      AC:  9    Str: 26    XL:     8   Next: 97%
Magic:  0/10       EV:  9    Int:  8    God:    Xom [..*...]
Gold:   264        SH: 10    Dex: 14    Spells: 7/7 levels left

rFire    . . .     SeeInvis +   a - +0 rapier
rCold    . . .     Gourm    .   c - +0 shield
rNeg     . . .     Faith    .   b - +0 scale mail
rPois    .         Spirit   +   (no helmet)
rElec    .         Reflect  .   (no cloak)
rCorr    .         Harm     .   y - +0 pair of gloves
MR       +....                  v - +0 pair of boots (curse)
Stlth    ..........             (no amulet)
HPRegen  0.53/turn              x - ring of see invisible
MPRegen  0.12/turn              (no ring)

@: mighty
A: fangs 3, regeneration 1, magic shield, antimagic bite, no potion heal 3, rot
immunity
a: Renounce Religion


You were on level 6 of the Dungeon.
You worshipped Xom.
You were a toy of Xom.
You were not hungry.

You visited 1 branch of the dungeon, and saw 6 of its levels.

You collected 264 gold pieces.

Inventory:

Hand Weapons
 a - a +0 rapier (weapon)
Armour
 b - a +0 scale mail (worn)
 c - a +0 shield (worn)
 v - a cursed +0 pair of boots (worn)
 y - a +0 pair of gloves (worn)
 C - a +0 helmet of intelligence
Jewellery
 x - a ring of see invisible (left hand)
Wands
 i - a wand of flame (29)
 B - a wand of random effects (13)
Scrolls
 e - 4 scrolls of magic mapping {!r, unknown}
 g - 7 scrolls of identify {!r, unknown}
 j - 2 scrolls of enchant weapon {!r, unknown}
 k - a scroll of fear {!r, unknown}
 l - 3 scrolls of amnesia {!r, unknown}
 p - 5 scrolls of fog {!r, unknown}
 r - 2 scrolls of random uselessness {!r, unknown}
 s - 4 scrolls of remove curse {!r, unknown}
 u - 3 scrolls of noise {!r, unknown}
 D - a scroll of teleportation {!r, unknown}
Potions
 d - 3 potions of might {!q}
 m - a potion of haste {!q, unknown}
 n - a potion of curing {!q}
 o - a potion of berserk rage {!q, unknown}
 q - a potion of mutation {!q, unknown}
 t - a potion of magic {!q, unknown}
 w - a potion of heal wounds {!q, unknown}
 z - a potion of lignification {!q, unknown}
 A - a potion of degeneration {!q, unknown}
Comestibles
 f - 10 rations
 h - 10 chunks of flesh


   Skills:
 + Level 3.5 Fighting
 - Level 8.1 Short Blades
 + Level 3.2 Armour
 + Level 3.3 Dodging
 + Level 3.5 Shields
 + Level 2.0 Evocations


You had 7 spell levels left.
You didn't know any spells.
Your spell library was empty.

Dungeon Overview and Level Annotations

Branches:
Dungeon (6/15)             Temple (0/1) D:4

Altars:
Cheibriados
Elyvilon
Fedhas
Hepliaklqana
Kikubaaqudgha
Qazlal
Trog
Vehumet
Xom
The Shining One

Shops:
D:5 !


Innate Abilities, Weirdness & Mutations

You have razor-sharp teeth.
Your natural rate of healing is unusually fast.
When hurt, damage is shared between your health and your magic reserves.
Your bite disrupts and absorbs the magic of your enemies.
Potions cannot restore your health.
You are immune to rotting.


Message History

* * * LOW HITPOINT WARNING * * *
You feel sick.
You closely miss the orc warrior.
The orc warrior is moderately wounded.
* * * LOW HITPOINT WARNING * * *
You feel sick.
The orc warrior hits you but does no damage.
You are more poisoned.
You hit the orc warrior. You bite the orc warrior! You drain its power.
You feel invigorated.
The orc warrior is severely wounded.
* * * LOW HITPOINT WARNING * * *
You feel sick. You block the orc warrior's attack.
You puncture the orc warrior!
You kill the orc warrior!
Your life force feels restored.
* * * LOW HITPOINT WARNING * * *
You feel very sick.
The phantom blinks!
Really quaff
n - 2 potions of curing {!q}?
Your system rejects the healing.
You feel better.
The phantom blinks!
You closely miss the phantom. You bite the phantom!
The phantom's magic leaks into the air.
You drain its magic.
The phantom is moderately damaged.
The orc hits you with a morningstar.
* * * LOW HITPOINT WARNING * * *
You block the phantom's attack.
You closely miss the phantom.
The phantom is moderately damaged.
You block the phantom's attack. You block the orc's attack.
An orc comes into view. It is wielding a club.
You barely miss the orc.
The orc shouts!
You kill the orc!
The phantom falters for a moment.
You barely miss the phantom.
The phantom is moderately damaged.
The phantom falters for a moment.
The ogre barely misses you.
You closely miss the ogre. You bite the ogre! You drain its power.
You feel invigorated.
The ogre is heavily wounded.
The orc priest mumbles some strange prayers to Beogh against you.
Beogh smites you!
* * * LOW HITPOINT WARNING * * *
Xom is highly amused!
The phantom hits you but does no damage.
You impale the ogre!!
You kill the ogre!
Your Evocations skill increases to level 2!
The orc wizard casts a cantrip, but nothing happens.
The phantom hits you but does no damage.
You puncture the phantom! You bite the phantom!
The phantom's magic leaks into the air.
You drain its magic.
You feel invigorated.
The phantom is almost destroyed.
The orc priest looks braver for a moment.
The phantom barely misses you.
You hit the phantom but do no damage.
The phantom is severely damaged.
The wight barely misses you. The orc wizard casts a spell at you.
The puff of flame hits you!
You die...
Xom giggles madly!

#.######.# #.#
####### #.####...#
#.# ##....#.###
#.# #.......# #.#
###.......## #.#
#...........## #.#
..##......#..# .#
#.#
#####...#)######.#
#..#
###.#.W@ozo#.#
#)####
#.######oo.#
..)..# ..# ##))#
.###..# .# #o.#
.## .. #..)†..#
..## #.O......#
...# ............#
...# #...........#
...# #...........#


You could see a phantom, a wight, an orc priest, an orc wizard (invisible) and 2
orcs.

Vanquished Creatures
  2 orc warriors (D:6)
  A sky beast (D:5)
  A phantom (D:6)
  An ogre (D:6)
  The ghost of kae the Insei, an amateur DsTm of Okawaru (D:3)
  A big kobold (D:5)
  A bullfrog (D:6)
  A scorpion (D:4)
  4 wights (D:6)
  A howler monkey (D:4)
  3 hounds
  An orc priest (D:4)
  2 orc wizards (D:6)
  2 iguanas (D:4)
  5 worker ants
  9 adders
  14 gnolls
  2 oozes
  An adder zombie (D:5)
  3 worms
  3 dart slugs
  6 leopard geckos
  15 orcs
  5 ball pythons
  8 bats
  5 giant cockroaches
  6 goblins
  7 hobgoblins
  6 jackals
  13 kobolds
  3 quokkas
  5 frilled lizards
  A leopard gecko skeleton (D:3)
  A quokka skeleton (D:5)
  4 rats
144 creatures vanquished.

Vanquished Creatures (others)
  A scorpion (D:4)
1 creature vanquished.

Grand Total: 145 creatures vanquished

Notes
Turn   | Place    | Note
-------+----------+-------------------------------------------
     0 | D:1      | Amnesiac the Vine Stalker Fighter began the quest for the Orb.
     0 | D:1      | Reached XP level 1. HP: 11/11 MP: 2/2
    61 | D:2      | Reached skill level 2 in Short Blades
    61 | D:2      | Reached XP level 2. HP: 11/16 MP: 3/3
   278 | D:2      | Reached skill level 1 in Dodging
   282 | D:2      | Reached XP level 3. HP: 16/19 MP: 4/4
   400 | D:3      | Reached skill level 3 in Short Blades
   755 | D:3      | Found a runed door.
   756 | D:3      | Noticed kae's ghost (amateur DsTm)
   765 | D:3      | Gained mutation: Your natural rate of healing is unusually fast. [Vine Stalker growth]
   765 | D:3      | Reached XP level 4. HP: 12/23 MP: 2/5
   821 | D:3      | Killed kae's ghost
   821 | D:3      | Reached skill level 4 in Short Blades
   821 | D:3      | Reached XP level 5. HP: 14/27 MP: 4/6
  1084 | D:3      | Found a snail-covered altar of Cheibriados.
  1084 | D:3      | Found a hazy altar of Hepliaklqana.
  1557 | D:4      | Found a glowing golden altar of the Shining One.
  1793 | D:4      | Found a shimmering altar of Xom.
  1808 | D:4      | Reached XP level 6. HP: 13/32 MP: 4/7
  1828 | D:4      | Became a worshipper of Xom the Unpredictable
  2470 | D:1      | XOM is BORED!
  2470 | D:1      | XOM: harmless Chrm miscast
  2557 | D:1      | XOM: divination: detect items
  2609 | D:1      | XOM: harmless Hex miscast
  2718 | D:1      | XOM: divination: detect creatures
  2787 | D:2      | XOM: divination: detect items
  2790 | D:2      | Reached skill level 5 in Short Blades
  3093 | D:2      | XOM: potion effect (magic)
  3161 | D:2      | XOM: harmless Hex miscast
  3275 | D:2      | XOM: harmless Necr miscast
  3647 | D:3      | XOM: divination: magic mapping
  3669 | D:4      | XOM: potion effect (brilliance)
  3671 | D:4      | XOM: butterfly on damage
  3677 | D:4      | XOM: potion effect (invisibility)
  3739 | D:4      | Reached XP level 7. HP: 35/35 MP: 8/8
  3741 | D:4      | Reached skill level 6 in Short Blades
  3803 | D:4      | Found a stormy altar of Qazlal.
  3806 | D:4      | Found a blossoming altar of Fedhas.
  3806 | D:4      | XOM: cloud trail
  4028 | D:4      | Found a staircase to the Ecumenical Temple.
  4093 | D:4      | Found an ancient bone altar of Kikubaaqudgha.
  4167 | D:4      | XOM is BORED!
  4371 | D:5      | Entered Level 5 of the Dungeon
  4379 | D:5      | XOM: enchant monster (good)
  4406 | D:5      | Reached skill level 7 in Short Blades
  4497 | D:5      | XOM: cloud trail
  4718 | D:5      | Gained mutation: You have razor-sharp teeth. [Vine Stalker growth]
  4718 | D:5      | Reached XP level 8. HP: 39/39 MP: 9/9
  4789 | D:5      | Found a bloodstained altar of Trog.
  4877 | D:5      | Found Quhes's Distillery.
  5034 | D:5      | XOM: fog
  5069 | D:5      | XOM: divination: magic mapping
  5074 | D:5      | Found a white marble altar of Elyvilon.
  5173 | D:6      | XOM: mild Chrm miscast
  5232 | D:6      | XOM: potion effect (might)
  5233 | D:6      | Reached skill level 8 in Short Blades
  5236 | D:6      | XOM: potion effect (invisibility)
  5269 | D:6      | Found a radiant altar of Vehumet.
  5306 | D:6      | Reached skill level 1 in Evocations
  5315 | D:6      | XOM: potion effect (might)
  5337 | D:6      | HP: 1/40 [orc priest/divine providence (5)]
  5340 | D:6      | Killed from afar by an orc wizard

Vault maps used:
D:1:      scummos_arrival_star, chequers_big_river, minmay_small_reverse_x
D:2:      serial_corexii_hall, corexii_hall_statues_l, corexii_hall_statues_i
D:3:      chequers_temple_overflow_statue_of_worship,
          ebering_ghost_reflecting_pool
D:4:      grunt_temple_overflow_forces_of_nature, kennysheep_little_box,
          kiku_gazebo_pond_becter, nicolae_overflow_crystal_walls,
          lemuel_temple_firewalk_b, first_ration
D:5:      cheibrodos_thug_alley, lemuel_round_altar, lightli_temple_of_fire,
          serial_shops, kennysheep_mini_moat, serial_glass, glass_columns_a,
          glass_columns_a
D:6:      vehumet_crystals, basic_altar

Skill      XL: |  1  2  3  4  5  6  7  8 |
---------------+-------------------------+-----
Short Blades   | 2 3 4 5 7 8 |  8.1
Dodging        | 1 2 3 |  3.3
Fighting       | 3 |  3.5
Shields        | 3 |  3.5
Evocations     | 2 |  2.0
Armour         | 3 |  3.2

Action                   |  1- 3 |  4- 6 |  7- 9 || total
-------------------------+-------+-------+-------++-------
Melee: Rapier            |    65 |   261 |   252 ||   578
       Bite              |    22 |    79 |    86 ||   187
  Use: Potion            |     1 |       |     1 ||     2
 Stab: Invisible         |       |       |    10 ||    10
  Eat: Chunk             |       |     9 |     6 ||    15
Armor: Scale mail        |    29 |    68 |    73 ||   170
Dodge: Dodged            |    19 |    87 |    64 ||   170
Block: Shield            |    32 |   124 |   104 ||   260

Table legend:
 A = Spawn XP
 B = Non-spawn XP
 C = Spawn XP percentage of total XP
 D = Spawn monster count
 E = Non-spawn monster count
 F = Spawn count percentage of total count
 G = Total turns spent on level
                    A         B        C        D         E        F      G
               +---------+---------+-------+---------+---------+-------+---------
         Total |       0 |    2325 |   0.0 |       0 |     144 |   0.0 |  5340
               +---------+---------+-------+---------+---------+-------+---------
           D:1 |       0 |      36 |   0.0 |       0 |      20 |   0.0 |   848
           D:2 |       0 |     194 |   0.0 |       0 |      30 |   0.0 |  1168
           D:3 |       0 |     188 |   0.0 |       0 |      19 |   0.0 |  1302
           D:4 |       0 |     497 |   0.0 |       0 |      29 |   0.0 |  1053
           D:5 |       0 |     346 |   0.0 |       0 |      24 |   0.0 |   765
           D:6 |       0 |    1064 |   0.0 |       0 |      22 |   0.0 |   204
               +---------+---------+-------+---------+---------+-------+---------
